Map: Dusk Towers

Players

DarkHydra

  • Race: Terran Terran
  • League: Grandmaster

Monty - Winner!

  • Race: Protoss Protoss
  • League: Grandmaster

VOD

Have the link to the VOD?

Description

Time

  • Played on: Dec. 7, 2015, 8:08 p.m.
  • Length: 10:03
Show
View Real Time Build Order
Export as new Build Order

DarkHydra Terran 

Build Orders: Reaper Expand, MMM Bio 

Get SALT Encoding   

  12  0:00  SCV  
  13  0:13  SCV  
  14  0:17  Supply Depot  
  14  0:25  SCV  
  15  0:39  SCV  
  15  0:40  Barracks  
  16  0:44  Refinery  
  16  0:51  SCV  
  17  1:03  SCV  
  18  1:15  SCV  
  19  1:28  Reaper, Orbital Command  
  20  1:42  Command Center  
  20  1:54  SCV  
  21  1:56  Supply Depot  
  21  2:06  SCV, Barracks Reactor  
  22  2:18  SCV  
  22  2:20  Barracks  
  23  2:24  Factory  
  23  2:32  SCV  
  24  2:44  SCV  
  24  2:45  Marine x2  
  27  2:54  Bunker, Orbital Command  
  27  2:57  SCV  
  28  3:03  Marine x2  
  30  3:07  Factory Tech Lab, Refinery  
  30  3:08  Marine  
  30  3:09  SCV  
  32  3:21  SCV, Marine x2  
  35  3:29  SCV  
  35  3:30  Cyclone  
  35  3:33  SCV  
  40  3:40  Supply Depot  
  40  3:41  Supply Depot, SCV  
  40  3:42  Barracks Tech Lab  
  40  3:43  Marine  
  40  3:45  SCV  
  40  3:46  Marine  
  44  3:53  SCV  
  45  3:57  SCV  
  45  4:00  Marine  
  46  4:02  Marine  
  46  4:03  Stimpack  
  46  4:04  Marine  
  46  4:05  SCV  
  46  4:09  SCV  
  50  4:13  Bunker  
  50  4:16  Refinery  
  50  4:18  SCV, Starport  
  50  4:23  SCV  
  52  4:27  Factory Reactor, Barracks  
  52  4:30  SCV  
  53  4:35  SCV  
  53  4:36  Refinery  
  53  4:37  Marine  
  53  4:38  Marine  
  56  4:42  SCV  
  57  4:47  SCV  
  57  4:54  SCV  
  57  4:59  SCV  
  58  5:05  Command Center  
  58  5:06  SCV  
  59  5:10  Engineering Bay  
  59  5:11  SCV  
  60  5:17  Supply Depot  
  60  5:18  SCV, Supply Depot  
  60  5:19  Combat Shields  
  61  5:23  SCV  
  61  5:27  Factory Reactor  
  62  5:34  SCV, Medivac x2, Marine x2  
  69  5:36  Marauder  
  62  5:50  Terran Infantry Weapons Level 1  
  62  5:55  SCV x2  
  60  6:07  SCV x2  
  60  6:08  Medivac x2  
  66  6:16  Widow Mine  
  66  6:17  Orbital Command, Widow Mine  
  70  6:19  SCV x2  
  70  6:22  Marine x2  
  70  6:23  Marine  
  75  6:25  Marine  
  76  6:35  SCV x2  
  77  6:40  Missile Turret  
  77  6:43  Marine x2  
  74  6:47  SCV x2  
  73  6:54  Missile Turret  
  60  7:01  Marine x2  
  60  7:02  Liberator x2, Marine  
  51  7:22  SCV x3  
  60  7:40  SCV x3  
  63  7:46  Terran Infantry Armor Level 1  
  63  7:49  Marauder x2, Marine x2  
  69  7:52  SCV x3  
  72  8:01  Concussive Shells  
  72  8:02  Factory Reactor  
  72  8:04  SCV x3  
  75  8:10  Missile Turret  
  75  8:16  SCV x3  
  75  8:19  Liberator x2  
  76  8:34  Marine  
  76  8:35  Marauder x2, Marine  
  88  8:43  SCV x3  
  91  8:55  SCV x3  
  94  9:02  Armory, Engineering Bay, Orbital Command  
  90  9:03  Barracks  
  90  9:04  Barracks  
  90  9:05  Barracks  
  90  9:07  SCV x2  
  92  9:14  Marine x2  
  92  9:15  Widow Mine, Marauder x2  
  100  9:19  SCV  
  101  9:25  Supply Depot  
  101  9:26  Supply Depot  
  101  9:33  Missile Turret  
  101  9:37  SCV x3  
  106  9:49  SCV x3  
Show
View Real Time Build Order
Export as new Build Order

Monty Protoss - Winner!

Build Orders: 1 Gate Expand 

Get SALT Encoding   

  12  0:01  Probe (Chrono Boost)  
  13  0:11  Probe (Chrono Boost)  
  14  0:19  Pylon  
  14  0:22  Probe (Chrono Boost)  
  15  0:37  Probe (Chrono Boost)  
  15  0:38  Gateway  
  16  0:45  Assimilator  
  16  0:48  Probe (Chrono Boost)  
  17  0:59  Probe (Chrono Boost)  
  18  1:09  Probe (Chrono Boost)  
  19  1:22  Nexus  
  19  1:32  Cybernetics Core  
  19  1:34  Probe (Chrono Boost)  
  19  1:39  Assimilator  
  20  1:45  Probe (Chrono Boost)  
  21  1:53  Pylon  
  21  1:55  Probe (Chrono Boost)  
  23  2:11  Mothership Core (Chrono Boost), Adept  
  26  2:16  Warp Gate  
  26  2:29  Probe (Chrono Boost)  
  27  2:35  Probe (Chrono Boost)  
  28  2:38  Adept  
  28  2:40  Probe (Chrono Boost)  
  31  2:45  Probe (Chrono Boost), Robotics Facility  
  31  2:50  Probe (Chrono Boost)  
  33  2:56  Probe (Chrono Boost)  
  34  3:01  Probe (Chrono Boost)  
  35  3:06  Probe (Chrono Boost)  
  35  3:08  Twilight Council  
  35  3:11  Adept  
  35  3:12  Probe (Chrono Boost)  
  39  3:17  Probe (Chrono Boost)  
  40  3:22  Probe (Chrono Boost)  
  41  3:27  Probe (Chrono Boost)  
  41  3:32  Probe (Chrono Boost)  
  41  3:33  Warp Prism (Chrono Boost)  
  45  3:35  Pylon  
  45  3:40  Probe  
  45  3:45  Resonating Glaives  
  45  3:46  Pylon  
  46  3:53  Probe  
  46  3:55  Probe  
  48  4:03  Gateway  
  48  4:05  Probe x2  
  48  4:08  Gateway, Observer (Chrono Boost)  
  51  4:16  Probe, Assimilator  
  51  4:17  Probe, Assimilator  
  51  4:20  Dark Shrine  
  51  4:24  Adept  
  55  4:26  Observer (Chrono Boost)  
  55  4:27  Probe  
  55  4:30  Probe  
  58  4:34  Pylon  
  58  4:37  Probe  
  58  4:43  Pylon  
  58  4:45  Observer (Chrono Boost)  
  60  4:59  Nexus  
  60  5:02  Pylon  
  60  5:04  Pylon  
  60  5:07  Probe  
  60  5:08  Probe  
  60  5:10  Immortal (Chrono Boost)  
  60  5:11  Sentry x2  
  70  5:17  Probe  
  70  5:20  Probe  
  72  5:24  Pylon  
  72  5:28  Probe  
  72  5:32  Probe, Forge  
  72  5:34  Forge  
  74  5:41  Probe  
  75  5:44  Probe  
  74  5:51  Immortal (Chrono Boost)  
  74  5:55  Probe  
  75  6:04  Probe  
  75  6:05  Probe, Protoss Ground Weapons Level 1, Protoss Ground Armor Level 1  
  75  6:08  Dark Templar x2  
  75  6:10  Probe  
  79  6:16  Probe x2  
  82  6:20  Dark Templar  
  82  6:21  Probe  
  82  6:24  Photon Cannon  
  82  6:25  Immortal (Chrono Boost)  
  89  6:39  Probe  
  90  6:42  Probe  
  91  6:51  Gateway  
  91  6:52  Stalker, Gateway  
  91  6:53  Gateway x2  
  92  6:57  Stalker x2  
  92  6:59  Immortal (Chrono Boost)  
  100  7:02  Probe  
  100  7:04  Probe x2  
  99  7:13  Probe, Blink (Chrono Boost)  
  99  7:16  Probe  
  99  7:17  Pylon  
  99  7:19  Probe  
  99  7:29  Probe  
  100  7:33  Assimilator  
  100  7:34  Pylon, Assimilator  
  100  7:35  Immortal (Chrono Boost)  
  104  7:37  Adept  
  104  7:38  Adept x2  
  104  7:40  Gateway  
  104  7:42  Gateway  
  110  7:46  Protoss Ground Armor Level 2, Pylon, Protoss Ground Weapons Level 2  
  110  7:47  Pylon  
  110  7:49  Photon Cannon  
  110  7:54  Adept x3  
  110  7:55  Adept  
  118  8:07  Pylon  
  118  8:09  Pylon  
  118  8:14  Immortal  
  118  8:15  Stalker  
  124  8:26  Stalker x3  
  124  8:29  Photon Cannon  
  124  9:03  Stalker x2  
  124  9:04  Stalker x5  
  124  9:08  Photon Cannon  
  138  9:19  Templar Archives  
  138  9:38  Nexus  
  138  9:40  Pylon  
  138  9:42  Stalker x2, Pylon  
  138  9:43  Stalker x3  
  148  9:46  Adept  
  148  9:47  Adept  
Tags
 
Add a new tag
Caveats
  • Supply blocks, unpowered buildings, or Contaminate may cause inaccurate times.
  • Supply counts are checked every 10 seconds.